 Dungeon Crawl Stone Soup version 0.25-a0-857-g60a0bcd8b5 (webtiles) character file.

Game seed: 6659660101680346765, levelgen mode: deterministic

54 tilp the Bolt Thrower (level 4, 3/37 HPs)
             Began as a Kobold Arcane Marksman on Apr 26, 2020.
             Quit the game on level 2 of the Dungeon.
             The game lasted 00:03:13 (1669 turns).

tilp the Bolt Thrower (Kobold Arcane Marksman)      Turns: 1669, Time: 00:03:13

Health: 3/37       AC: 22    Str:  8    XL:     4   Next: 12%
Magic:  5/5        EV:  3    Int: 14    God:
Gold:   23         SH:  0    Dex: 15    Spells: 2/5 levels left

rFire    . . .     SeeInvis .   a - +0 hand crossbow
rCold    . . .     Gourm    .   (shield restricted)
rNeg     + + +     Faith    .   (armour currently unavailable)
rPois    +         Spirit   .   (helmet currently unavailable)
rElec    .         Reflect  .   (cloak currently unavailable)
rCorr    .         Harm     .   (gloves currently unavailable)
MR       .....     NoTele   +   (boots currently unavailable)
Stlth    +.........             (no amulet)
HPRegen  0.12/turn              (no ring)
MPRegen  0.09/turn              (no ring)

@: lethally poisoned (3 -> -1), tree-form
A: small, carnivore
a: no special abilities


You were on level 2 of the Dungeon.
You were completely stuffed.
You were a tree.
You visited 1 branch of the dungeon, and saw 2 of its levels.

You collected 23 gold pieces.

Inventory:

Hand Weapons
 a - a +0 hand crossbow (weapon)
 b - a +0 whip
 j - a +0 spear
Missiles
 g - 8 bolts (quivered)
Armour
 k - a cursed +0 robe (melded)
Scrolls
 d - a scroll of enchant armour {unknown}
 e - a scroll of random uselessness {unknown}
 f - a scroll of teleportation {unknown}
 h - a scroll of fear {unknown}
 m - a scroll of magic mapping {unknown}
Comestibles
 c - 3 rations


   Skills:
 - Level 1.1 Fighting
 + Level 5.0 Crossbows
 - Level 2.4 Dodging
 - Level 1.1 Spellcasting
 - Level 3.0 Hexes


You had 2 spell levels left.
You knew the following spells:

 Your Spells              Type           Power        Failure   Level  Hunger
a - Corona                Hex            #......      8%          1    ##.....
b - Slow                  Hex            #.......     12%         2    ###....

Your spell library contained the following spells:

 Spells                   Type           Power        Failure   Level  Hunger
 Inner Flame              Hex/Fire       #.......     38%         3    ####...
 Portal Projectile        Hex/Tloc       #.....       38%         3    ####...
 Cause Fear               Hex            #.........   58%         4    #####..
 Leda's Liquefaction      Hex/Erth       #.........   80%         4    #####..


Dungeon Overview and Level Annotations

Branches:
Dungeon (2/15)

Altars:


Innate Abilities, Weirdness & Mutations

You are small and have problems with some larger weapons.
You are carnivorous and can eat meat at any time.


Message History

* * * LOW HITPOINT WARNING * * *
You feel sick. The adder bites you but does no damage.
Unknown command.
Firing (i - inventory)
g - 9 bolts (quivered)
Press: ? - help, Shift-Dir - straight line, f/p - adder
Aim: an adder (severely wounded)
You shoot a bolt. The bolt hits the adder.
You kill the adder!
Your Crossbows skill increases to level 5!
You have reached level 4!
There is a lethal amount of poison in your body!
There is a lethal amount of poison in your body!
Unknown command.
* * * LOW HITPOINT WARNING * * *
You feel sick.
Unknown command.
Unknown command.
You aren't carrying any potions.
Unknown command.
Are you sure you want to abandon this character and quit the game? (Confirm with "yes".) ######## #(..((♣# #.######

There were no monsters in sight!

Vanquished Creatures
  A gnoll (D:1)
  An adder (D:2)
  A dart slug (D:1)
  3 leopard geckos (D:1)
  A giant cockroach (D:1)
  A goblin (D:1)
  4 hobgoblins (D:1)
  7 jackals (D:1)
  4 bats (D:1)
  4 frilled lizards (D:1)
  3 kobolds (D:1)
  A rat (D:1)
31 creatures vanquished.

Notes
Turn   | Place    | Note
-------+----------+-------------------------------------------
     0 | D:1      | tilp the Kobold Arcane Marksman began the quest for the
                  | Orb.
     0 | D:1      | Reached XP level 1. HP: 12/12 MP: 2/2
   331 | D:1      | Reached skill level 3 in Crossbows
   370 | D:1      | Reached XP level 2. HP: 16/16 MP: 3/3
   374 | D:1      | Learned a level 2 spell: Slow
   666 | D:1      | Reached skill level 4 in Crossbows
   666 | D:1      | Reached XP level 3. HP: 14/20 MP: 0/4
  1666 | D:2      | Reached skill level 5 in Crossbows
  1666 | D:2      | Reached XP level 4. HP: 4/25 MP: 5/5
  1669 | D:2      | Quit the game

Levels and vault maps discovered:
D:1:      lemuel_arrival_tunnels, layout_loops_ring, kennysheep_nondescript,
          grunt_decor_resistance
D:2:      layout_basic, minmay_misc_feat_roman, chequers_serial_rivers_micro_c

Skill      XL: |  1  2  3 |
---------------+----------+-----
Crossbows      | 3 4 5 |  5.0
Fighting       | |  1.1
Dodging        | |  2.4
Spellcasting   | |  1.1
Hexes          | |  3.0

Action                   |  1- 3 |  4- 6 || total
-------------------------+-------+-------++-------
Melee: Whip              |    82 |       ||    82
 Fire: Hand crossbow     |    42 |       ||    42
 Cast: Corona            |    25 |       ||    25
  Use: Potion            |     1 |       ||     1
 Stab: Sleeping          |     1 |       ||     1
  Eat: Chunk             |    12 |       ||    12
Armor: Robe              |    13 |       ||    13
       Skin              |     4 |       ||     4
Dodge: Dodged            |    97 |       ||    97

Table legend:
 A = Non-vault XP
 B = Vault XP
 C = Vault XP percentage of total XP
 D = Non-vault monster count
 E = Vault monster count
 F = Vault count percentage of total count
                 A         B        C        D         E       F
            +---------+---------+-------+---------+---------+-------
      Total |      78 |       0 |   0.0 |      31 |       0 |   0.0
            +---------+---------+-------+---------+---------+-------
        D:1 |      65 |       0 |   0.0 |      30 |       0 |   0.0
        D:2 |      13 |       0 |   0.0 |       1 |       0 |   0.0
            +---------+---------+-------+---------+---------+-------
